 Dungeon Crawl Stone Soup version 0.14-a0-1413-g94b8a5e (webtiles) character file.

108 M4edhros the Charlatan (level 3, 0/23 HPs)
             Began as an Octopode Artificer on Dec 11, 2013.
             Was an Initiate of Kikubaaqudgha.
             Slain by a gnoll
             ... wielding a +0,+0 spear
              (5 damage)
             ... on Level 2 of the Dungeon.
             The game lasted 00:02:35 (1482 turns).

M4edhros the Charlatan (Octopode Artificer)         Turns: 1482, Time: 00:02:36

HP   0/23        AC  1     Str 12      XL: 3   Next: 52%
MP   4/4         EV 13     Int 15      God: Kikubaaqudgha [......]
Gold 67          SH  0     Dex 12      Spells:  0 memorised,  2 levels left

rFire  . . .     SeeInvis .     o - +0,+1 orc mace (curse)
rCold  . . .     Clarity  .     (no shield)
rNeg   . . .     Conserve .     (helmet restricted)
rPois  .         rCorr    .     (no amulet)
rElec  .         rRot     .     j - +2 ring of strength
SustAb . .       Spirit   .     (no ring)
rMut   .         Warding  .     (no ring)
Saprov . . .     Stasis   .     (no ring)
                                (no ring)
                                (no ring)
                                (no ring)
                                (no ring)

@: not resistant to hostile enchantments, quite stealthy
A: almost no armour, amphibious, 8 rings, constrict 8, camouflage 1, gelatinous
body 1
a: Renounce Religion


You were on level 2 of the Dungeon.
You worshipped Kikubaaqudgha.
Kikubaaqudgha was noncommittal.
You were very hungry.

You visited 1 branch of the dungeon, and saw 2 of its levels.

You collected 67 gold pieces.

Inventory:

Hand weapons
 a - a +0,+0 short sword
 k - a cursed -1,-3 whip
 m - a +0,+1 sling of frost
 o - a cursed +0,+1 orcish mace (weapon)
Missiles
 n - 11 stones (quivered)
Magical devices
 b - a wand of flame (15)
 c - a wand of enslavement (13)
 d - a wand of random effects (15)
Comestibles
 f - a bread ration
 g - a beef jerky
 i - a pear
Scrolls
 e - a scroll of immolation
 h - a scroll of noise
 l - a scroll of curse armour
 q - a scroll of teleportation {unknown}
Jewellery
 j - a +2 ring of strength (left tentacle)
Potions
 p - a potion of curing


   Skills:
 - Level 1.0 Fighting
 - Level 1.0 Short Blades
 + Level 1.2 Slings
 * Level 2.8 Dodging
 - Level 2.7 Stealth
 + Level 0.3 Spellcasting
 - Level 3.2 Evocations


You had 2 spell levels left.
You didn't know any spells.

Dungeon Overview and Level Annotations

Branches:
Dungeon (2/16)

Altars:
Kikubaaqudgha


Innate Abilities, Weirdness & Mutations

You cannot wear most types of armour.
You are amphibious.
You can wear up to eight rings at the same time.
You can use your tentacles to constrict many enemies at once.
Your skin changes colour to match your surroundings (Stlth).
Your rubbery body absorbs attacks (AC +1).


Message History

The gnoll misses you.
You hit the gnoll but do no damage.
The gnoll is severely wounded.
You constrict the gnoll, but do no damage.
The bat closely misses you.
The gnoll hits you from afar with a spear.
The gnoll closely misses you.
The gnoll hits you from afar with a spear!
* * * LOW HITPOINT WARNING * * *
You release your grip on the gnoll.
The bat barely misses you.
Evoke which item? (* to show all) (? for menu, Esc to quit)
Zapping:
c - a wand of enslavement (14)
Press: ? - help, Shift-Dir - straight line, f - bat
Aim: a bat The bat resists.
This wand has 13 charges left.
The bat barely misses you. The gnoll hits you with a flail.
* * * LOW HITPOINT WARNING * * *
The gnoll hits you from afar with a spear.
You die...
Kikubaaqudgha rasps: "You have failed me!
Welcome... death!"

#._..%.....##.#
##.#%......##.########
#.(...................
#.......#####.########
#.......##.........#
#.......##.........#
#.......##.........#
#.......##....b....#
##########.....@...#
#....g....#
####g########
#..b.....# ##.......#
#..g....# #.g.....#
#........ #.......


You could see 2 gnolls and a bat.

Vanquished Creatures
  A gnoll (D:2)
  2 ball pythons (D:1)
  3 bats
  4 giant cockroaches (D:1)
  4 goblins
  7 hobgoblins
  3 jackals (D:1)
  4 kobolds (D:1)
  A giant newt (D:1)
  6 rats (D:1)
35 creatures vanquished.

Vanquished Creatures (collateral kills)
  A ball python (D:2)
1 creature vanquished.

Grand Total: 36 creatures vanquished

Notes
Turn   | Place    | Note
--------------------------------------------------------------
     0 | D:1      | M4edhros, the Octopode Artificer, began the quest for the Orb.
     0 | D:1      | Reached XP level 1. HP: 13/13 MP: 1/1
     6 | D:1      | Noticed an iguana
     6 | D:1      | Noticed a swamp drake
     6 | D:1      | Noticed a black bear
     6 | D:1      | Noticed a spiny worm
     6 | D:1      | Noticed an anaconda
   243 | D:1      | Reached XP level 2. HP: 16/18 MP: 3/3
   591 | D:2      | Found an ancient bone altar of Kikubaaqudgha.
   862 | D:2      | Became a worshipper of Kikubaaqudgha
  1078 | D:1      | Reached XP level 3. HP: 17/23 MP: 4/4
  1107 | D:1      | Reached skill level 1 in Slings
  1482 | D:2      | Slain by a gnoll

Action                   || total
-------------------------++-------
Melee: Short sword       ||    30
       Mace              ||    29
 Fire: Sling             ||    14
Evoke: Wand              ||     2
  Use: Scroll            ||     2
       Potion            ||     2
 Stab: Sleeping          ||     4
